Map: Frozen Temple

Players

Miszu

  • Race: Terran Terran
  • League: Master

IIIIIIIIIIII - Winner!

  • Race: Terran Terran
  • League: Grandmaster

VOD

Have the link to the VOD?

Description

Time

  • Played on: April 7, 2016, 4:03 p.m.
  • Length: 4:33
Show
View Real Time Build Order
Export as new Build Order

Miszu Terran 

Build Orders: 1/1/1, Liberator Opening 

Get SALT Encoding   

  12  0:01  SCV  
  13  0:13  SCV  
  14  0:18  Supply Depot  
  14  0:23  Refinery  
  14  0:29  SCV  
  15  0:43  SCV  
  15  0:46  Refinery  
  16  0:53  Barracks  
  16  0:58  SCV  
  17  1:10  SCV  
  18  1:22  SCV  
  19  1:34  SCV  
  20  1:41  Factory  
  20  1:44  Marine  
  20  1:46  Orbital Command  
  21  1:55  Supply Depot  
  21  2:02  Marine  
  22  2:12  SCV  
  23  2:19  Marine  
  24  2:25  SCV  
  24  2:27  Starport  
  24  2:29  Hellion  
  27  2:35  Supply Depot  
  27  2:37  SCV  
  27  2:41  Marine  
  29  2:49  SCV  
  30  2:56  Hellion  
  32  3:03  Medivac  
  32  3:05  SCV  
  35  3:09  Supply Depot  
  35  3:10  Marine  
  36  3:17  SCV  
  36  3:18  Hellion, Liberator  
  39  3:30  Marine  
  39  3:31  SCV  
  39  3:33  Supply Depot  
  44  3:44  SCV  
  45  3:50  Barracks Reactor, Factory Tech Lab  
  45  3:56  SCV  
  46  4:16  SCV  
Show
View Real Time Build Order
Export as new Build Order

IIIIIIIIIIII Terran - Winner!

Build Orders: 1/1/1, Liberator Opening 

Get SALT Encoding   

  12  0:01  SCV  
  13  0:13  SCV  
  14  0:18  Supply Depot  
  14  0:25  SCV  
  15  0:39  SCV  
  15  0:41  Barracks  
  16  0:48  Refinery  
  16  0:52  SCV  
  17  0:59  Refinery  
  17  1:04  SCV  
  18  1:16  SCV  
  19  1:33  Marine, Orbital Command  
  19  1:38  Factory  
  20  1:51  Marine  
  20  1:54  Supply Depot  
  21  1:59  SCV  
  22  2:11  SCV  
  22  2:14  Barracks Reactor  
  23  2:22  Starport  
  23  2:24  Factory Tech Lab  
  23  2:27  SCV  
  24  2:37  Supply Depot  
  24  2:42  Liberator  
  24  2:45  Siege Tank  
  24  2:50  Marine x2  
  32  3:08  Marine x2  
  32  3:10  Engineering Bay  
  34  3:22  Siege Tank  
  34  3:26  Marine x2  
  39  3:33  Supply Depot  
  39  3:51  Missile Turret  
  39  3:54  Marine x2, Medivac  
  43  4:12  Marine x2  
Tags
 
Add a new tag
Caveats
  • Supply blocks, unpowered buildings, or Contaminate may cause inaccurate times.
  • Supply counts are checked every 10 seconds.